 Dungeon Crawl Stone Soup version 0.24.0-13-gcf9b319 (webtiles) character file.

Game seed: 1276503605033768133, levelgen mode: deterministic

16034 2bobheroes the Blocker (level 12, 0/97 HPs)
             Began as a Gnoll Fighter on Jan 25, 2020.
             Was a Priest of Ashenzari.
             Slain by a catoblepas (26 damage)
             ... on level 4 of the Lair of Beasts.
             The game lasted 00:47:41 (12530 turns).

2bobheroes the Blocker (Gnoll Fighter)             Turns: 12530, Time: 00:47:42

Health: 0/97       AC: 14    Str: 24    XL:     12   Next: 33%
Magic:  31/31      EV: 17    Int: 15    God:    Ashenzari [***...]
Gold:   286        SH: 12    Dex: 15    Spells: 17/25 levels left

rFire    . . .     SeeInvis +   b - +1 scimitar (flame)
rCold    . . .     Gourm    .   c - +0 shield
rNeg     + . .     Faith    +   x - +0 chain mail (curse)
rPois    .         Spirit   .   (no helmet)
rElec    .         Reflect  .   T - scarf {cloud immunity}
rCorr    .         Harm     .   M - +0 pair of gloves
MR       .....                  P - +0 pair of boots
Stlth    ..........             Y - amulet of faith
HPRegen  0.26/turn              z - +6 ring of evasion
MPRegen  0.22/turn              C - ring "Telleew" {rN+ MP+9 Slay+6 SInv Stlth-}

@: mighty, frozen, very slow
A: distributed training, fangs 1, strong nose
a: Curse Item, Scrying, Renounce Religion


You were on level 4 of the Lair of Beasts.
You worshipped Ashenzari.
Ashenzari was most pleased with you.
You were hungry.

You visited 2 branches of the dungeon, and saw 12 of its levels.

You collected 556 gold pieces.
You spent 270 gold pieces at shops.

Inventory:

Hand Weapons
 b - a +1 scimitar of flaming (weapon)
 d - a +0 hunting sling
 p - a +2 vampiric dagger
 v - a +0 morningstar
 A - a +2 flail of draining
 B - a +1 trident of piercing
 J - a +0 halberd
 N - a +0 shortbow
 O - a +0 glaive
Missiles
 h - 209 arrows
 i - 17 boomerangs (quivered)
 k - 333 stones
 m - 36 sling bullets
 y - 55 poisoned darts
 W - a throwing net
Armour
 c - a +0 shield (worn)
 x - a cursed +0 chain mail (worn)
 M - a +0 pair of gloves (worn)
 P - a +0 pair of boots (worn)
 T - a scarf of cloud immunity (worn)
Jewellery
 a - an uncursed ring of wizardry
 z - a +6 ring of evasion (left hand)
 C - the ring "Telleew" (right hand) {rN+ MP+9 Slay+6 SInv Stlth-}
   (You took it off an orc wizard on level 4 of the Dungeon)

   [ring of positive energy]

   It affects your accuracy and damage with ranged weapons and melee attacks
   (+6).
   It protects you from negative energy.
   It affects your magic capacity (+9).
   It lets you see invisible.
   It makes you less stealthy.
 R - a +5 ring of intelligence
 Y - an amulet of faith (around neck)
Wands
 I - a wand of digging (6)
 K - a wand of clouds (5)
 S - a wand of polymorph (11)
 X - a wand of scattershot (4)
Scrolls
 e - 6 scrolls of enchant weapon
 g - a scroll of fog
 q - 2 scrolls of immolation
 r - a scroll of teleportation
 s - 3 scrolls of fear
 t - 4 scrolls of magic mapping
 u - 4 scrolls of amnesia
 F - 4 scrolls of remove curse
 G - 2 scrolls of random uselessness {unknown}
 H - a scroll of enchant armour {unknown}
 L - 2 scrolls of blinking
 Q - a scroll of noise {unknown}
 U - a scroll of torment {unknown}
Potions
 j - a potion of brilliance
 l - 5 potions of flight
 n - 8 potions of curing
 o - 2 potions of ambrosia
 w - a potion of resistance
 E - 4 potions of agility
 V - a potion of heal wounds
Miscellaneous
 D - a box of beasts
Comestibles
 f - 33 rations


   Skills:
 + Level 9.7 Fighting
 + Level 7.0 Short Blades
 + Level 8.5 Long Blades
 + Level 7.0 Axes
 + Level 7.0 Maces & Flails
 + Level 7.0 Polearms
 + Level 7.0 Staves
 + Level 7.0 Slings
 + Level 7.0 Bows
 + Level 7.0 Crossbows
 + Level 7.0 Throwing
 + Level 9.7 Armour
 + Level 7.0 Dodging
 + Level 7.0 Stealth
 + Level 9.7 Shields
 + Level 7.0 Unarmed Combat
 + Level 7.0 Spellcasting
 + Level 5.8 Conjurations
 + Level 5.8 Hexes
 + Level 5.8 Charms
 + Level 5.8 Summonings
 + Level 5.8 Necromancy
 + Level 5.8 Translocations
 + Level 5.8 Transmutations
 + Level 5.8 Fire Magic
 + Level 5.8 Ice Magic
 + Level 5.8 Air Magic
 + Level 5.8 Earth Magic
 + Level 5.8 Poison Magic
 + Level 7.7 Invocations
 + Level 7.0 Evocations


You had 17 spell levels left.
You knew the following spells:

 Your Spells              Type           Power        Failure   Level  Hunger
a - Blink                 Tloc           N/A          19%         2    None
b - Mephitic Cloud        Conj/Pois/Air  ###.....     36%         3    ##.....
c - Conjure Flame         Conj/Fire      ###.....     36%         3    ##.....

Your spell library contained the following spells:

 Spells                   Type           Power        Failure   Level  Hunger
 Confusing Touch          Hex            ###...       13%         1    None
 Magic Dart               Conj           ###.         13%         1    None
 Call Imp                 Summ           ###.....     19%         2    None
 Slow                     Hex            ###.....     19%         2    None
 Confuse                  Hex            ###.....     36%         3    ##.....
 Gell's Gravitas          Tloc           ###.......   36%         3    ##.....
 Petrify                  Tmut/Erth      ###.....     77%         4    ####...
 Metabolic Englaciation   Hex/Ice        ###.......   98%         5    #####..
 Yara's Violent Unravell  Hex/Tmut       ###.......   98%         5    #####..


Dungeon Overview and Level Annotations

Branches:
Dungeon (8/15)             Temple (0/1) D:7            Lair (4/6) D:8
  Swamp (0/4) Lair:2
  Snake: Lair:2-4    Spider: Lair:2-4

Altars:
Ashenzari
Cheibriados
Nemelex Xobeh
Qazlal
Ru
Trog
Vehumet
The Shining One

Shops:
D:7 !   D:8 *

Annotations:
D:4 exclusion: statue
D:8 2 transporters, queenofzan's ghost, novice MiBe


Innate Abilities, Weirdness & Mutations

Your experience applies equally to all skills.
You have very sharp teeth.
Your uncanny sense of smell can sniff out nearby items.


Message History

The plant is engulfed in calcifying dust.
The plant turns to stone!
The rime drake is engulfed in calcifying dust.
The rime drake is moving more slowly.
The rime drake breathes ice at you. The flash freeze hits you!
* * * LOW HITPOINT WARNING * * *
You are encased in ice.
The catoblepas gores you but does no damage.
You hit the catoblepas. You burn the catoblepas. You bite the catoblepas!
The catoblepas is almost dead.
The plant is engulfed in calcifying dust.
The rime drake is engulfed in calcifying dust.
The rime drake stops moving altogether!
You block the catoblepas's attack.
You are feeling hungry.
Your shield and chain mail prevent you from hitting the catoblepas.
The catoblepas is almost dead.
The rime drake is engulfed in calcifying dust.
The catoblepas gores you!!
You die...

#............. , ,
* #..............,
, ,
#.............. ,
* , ,
#....P#....... ,
*, ,* *,
**#../P......., .
* ##...........
P.###...<........
*
.........Y.......
........@k.......
* *
..####.<.ยง.......
, *# *
##P#P....... ,
####....... *
*#.##.##* ## ## *


You could see a catoblepas and a rime drake (petrified).

Vanquished Creatures
  5 hydras
  Erica (D:8)
  An unseen horror (D:6)
  An ugly thing (D:7)
  A black mamba (Lair:2)
  5 spiny frogs
  A rime drake (Lair:2)
  3 komodo dragons
  4 hornets (Lair:2)
  5 hippogriffs
  2 wyverns
  6 yaks (Lair:3)
  2 basilisks (Lair:3)
  5 water moccasins
  6 porcupines
  A black bear (Lair:1)
  Duvessa (D:4)
  2 phantoms
  6 ice beasts
  2 ogres
  A centaur (D:7)
  5 crocodiles
  A big kobold (D:8)
  12 bullfrogs
  Dowan (D:4)
  A scorpion (D:7)
  A water moccasin skeleton (D:5)
  6 killer bees (D:7)
  2 electric eels (Lair:3)
  5 crimson imps
  A bullfrog zombie (D:8)
  A centaur zombie (D:7)
  A centaur skeleton (D:5)
  2 hounds (D:8)
  A gnoll shaman (D:6)
  2 orc priests (D:4)
  A bullfrog skeleton (D:8)
  3 iguanas
  6 worker ants
  6 orc wizards
  A hound zombie (D:2)
  4 hound skeletons
  A howler monkey skeleton (D:7)
  2 howler monkey zombies (D:7)
  9 adders
  11 gnolls
  A shadow imp (D:7)
  3 oozes
  3 adder skeletons
  2 worms (D:2)
  2 dart slugs (D:1)
  10 leopard geckos
  39 orcs
  A ball python (D:2)
  A bat skeleton (D:2)
  7 giant cockroaches
  10 goblins
  13 hobgoblins
  15 jackals
  2 quokkas
  6 bats
  3 frilled lizards
  A giant cockroach zombie (D:2)
  A jackal skeleton (D:8)
  9 kobolds
  2 leopard gecko skeletons (D:2)
  8 rats
286 creatures vanquished.

Vanquished Creatures (others)
  16 plants (Lair:2)
16 creatures vanquished.

Grand Total: 302 creatures vanquished

Notes
Turn   | Place    | Note
-------+----------+-------------------------------------------
     0 | D:1      | 2bobheroes the Gnoll Fighter began the quest for the Orb.
     0 | D:1      | Reached XP level 1. HP: 23/23 MP: 1/1
   130 | D:1      | Reached XP level 2. HP: 28/29 MP: 2/2
   214 | D:1      | Reached XP level 3. HP: 35/35 MP: 3/3
   437 | D:1      | Reached skill level 1 in Invocations
   631 | D:2      | Reached skill level 1 in Short Blades
   631 | D:2      | Reached skill level 1 in Axes
   631 | D:2      | Reached skill level 1 in Maces & Flails
   631 | D:2      | Reached skill level 1 in Polearms
   631 | D:2      | Reached skill level 1 in Staves
   631 | D:2      | Reached skill level 1 in Slings
   631 | D:2      | Reached skill level 1 in Bows
   631 | D:2      | Reached skill level 1 in Crossbows
   631 | D:2      | Reached skill level 1 in Throwing
   631 | D:2      | Reached skill level 1 in Dodging
   631 | D:2      | Reached skill level 1 in Stealth
   631 | D:2      | Reached skill level 1 in Unarmed Combat
   631 | D:2      | Reached skill level 1 in Spellcasting
   631 | D:2      | Reached skill level 1 in Evocations
   631 | D:2      | Reached XP level 4. HP: 24/41 MP: 5/5
   633 | D:2      | Found a shattered altar of Ashenzari.
  1062 | D:2      | Reached skill level 1 in Conjurations
  1062 | D:2      | Reached skill level 1 in Hexes
  1062 | D:2      | Reached skill level 1 in Charms
  1062 | D:2      | Reached skill level 1 in Summonings
  1062 | D:2      | Reached skill level 1 in Necromancy
  1062 | D:2      | Reached skill level 1 in Translocations
  1062 | D:2      | Reached skill level 1 in Transmutations
  1062 | D:2      | Reached skill level 1 in Fire Magic
  1062 | D:2      | Reached skill level 1 in Ice Magic
  1062 | D:2      | Reached skill level 1 in Air Magic
  1062 | D:2      | Reached skill level 1 in Earth Magic
  1062 | D:2      | Reached skill level 1 in Poison Magic
  1243 | D:2      | Reached XP level 5. HP: 44/47 MP: 6/6
  1778 | D:3      | Found a sparkling altar of Nemelex Xobeh.
  2028 | D:3      | Found a stormy altar of Qazlal.
  2109 | D:3      | Reached XP level 6. HP: 52/53 MP: 8/8
  2359 | D:3      | Learned a level 2 spell: Blink
  2363 | D:3      | Learned a level 3 spell: Mephitic Cloud
  2367 | D:3      | Learned a level 3 spell: Conjure Flame
  2518 | D:2      | Became a worshipper of Ashenzari the Shackled
  2587 | D:4      | Noticed a phantom
  2632 | D:4      | Found a snail-covered altar of Cheibriados.
  2661 | D:4      | Killed a phantom
  2661 | D:4      | Reached skill level 5 in Long Blades
  2885 | D:4      | Reached XP level 7. HP: 31/59 MP: 10/10
  3539 | D:4      | Identified the ring "Telleew" {rN+ MP+9 Slay+6 SInv Stlth-}
  3745 | D:4      | Noticed Dowan
  3745 | D:4      | Noticed Duvessa
  3778 | D:4      | Killed Duvessa
  3792 | D:4      | Killed Dowan
  3802 | D:4      | Found a radiant altar of Vehumet.
  3955 | D:4      | Reached XP level 8. HP: 67/67 MP: 12/12
  4150 | D:5      | Entered Level 5 of the Dungeon
  5087 | D:5      | Found a sacrificial altar of Ru.
  5367 | D:6      | Reached XP level 9. HP: 72/72 MP: 14/14
  5474 | D:6      | Reached * piety under Ashenzari
  5682 | D:6      | Noticed an unseen horror
  5699 | D:6      | Killed an unseen horror
  5764 | D:6      | Found a glowing golden altar of the Shining One.
  6053 | D:7      | Noticed a purple ugly thing
  6059 | D:7      | Killed a purple ugly thing
  6072 | D:7      | Reached skill level 5 in Invocations
  6598 | D:7      | Reached XP level 10. HP: 60/80 MP: 17/17
  6653 | D:7      | Found a staircase to the Ecumenical Temple.
  6739 | D:7      | Found Zuuts's Distillery.
  6744 | D:7      | Bought a potion of curing for 33 gold pieces
  6744 | D:7      | Bought a potion of curing for 33 gold pieces
  6744 | D:7      | Bought a potion of brilliance for 44 gold pieces
  6744 | D:7      | Bought a potion of agility for 44 gold pieces
  6857 | D:7      | Reached skill level 5 in Short Blades
  6857 | D:7      | Reached skill level 5 in Axes
  6857 | D:7      | Reached skill level 5 in Maces & Flails
  6857 | D:7      | Reached skill level 5 in Polearms
  6857 | D:7      | Reached skill level 5 in Staves
  6857 | D:7      | Reached skill level 5 in Slings
  6857 | D:7      | Reached skill level 5 in Bows
  6857 | D:7      | Reached skill level 5 in Crossbows
  6857 | D:7      | Reached skill level 5 in Throwing
  6857 | D:7      | Reached skill level 5 in Dodging
  6857 | D:7      | Reached skill level 5 in Stealth
  6857 | D:7      | Reached skill level 5 in Unarmed Combat
  6857 | D:7      | Reached skill level 5 in Spellcasting
  6857 | D:7      | Reached skill level 5 in Evocations
  7280 | D:8      | Noticed Erica
  7299 | D:8      | Killed Erica
  7334 | D:8      | Found a staircase to the Lair.
  7449 | D:8      | Found a transporter.
  7451 | D:8      | Noticed a moth of wrath
  7462 | D:8      | Found a bloodstained altar of Trog.
  7462 | D:8      | Noticed queenofzan's ghost (novice MiBe)
  7472 | D:8      | Found a transporter.
  7811 | D:8      | Found Voevipli's Assorted Antiques.
  7821 | D:8      | Bought a scroll labeled ELENKY PUESEV for 29 gold pieces
  7821 | D:8      | Bought a scroll labeled JOLICKA RUCHIM for 29 gold pieces
  7821 | D:8      | Bought a scroll labeled XUZXIG NAIH for 29 gold pieces
  7821 | D:8      | Bought a scroll labeled CEIZ YQUSTY for 29 gold pieces
  7832 | D:8      | Found a radiant altar of Vehumet.
  8144 | Lair:1   | Entered Level 1 of the Lair of Beasts
  8251 | Lair:1   | Reached ** piety under Ashenzari
  8285 | Lair:1   | Noticed a seven-headed hydra
  8295 | Lair:1   | Killed a two-headed hydra
  8295 | Lair:1   | Reached XP level 11. HP: 66/87 MP: 19/19
  9072 | Lair:2   | Reached skill level 5 in Conjurations
  9072 | Lair:2   | Reached skill level 5 in Hexes
  9072 | Lair:2   | Reached skill level 5 in Charms
  9072 | Lair:2   | Reached skill level 5 in Summonings
  9072 | Lair:2   | Reached skill level 5 in Necromancy
  9072 | Lair:2   | Reached skill level 5 in Translocations
  9072 | Lair:2   | Reached skill level 5 in Transmutations
  9072 | Lair:2   | Reached skill level 5 in Fire Magic
  9072 | Lair:2   | Reached skill level 5 in Ice Magic
  9072 | Lair:2   | Reached skill level 5 in Air Magic
  9072 | Lair:2   | Reached skill level 5 in Earth Magic
  9072 | Lair:2   | Reached skill level 5 in Poison Magic
  9107 | Lair:2   | Noticed a five-headed hydra
  9118 | Lair:2   | Killed a one-headed hydra
  9312 | Lair:2   | Found a staircase to the Swamp.
  9734 | Lair:2   | Paralysed by a hornet for 3 turns
 10205 | Lair:2   | Noticed an eight-headed hydra
 10544 | Lair:2   | Killed a two-headed hydra
 10779 | Lair:2   | Paralysed by a hornet for 1 turns
 10819 | Lair:2   | Noticed a seven-headed hydra
 10828 | Lair:2   | Killed a three-headed hydra
 10828 | Lair:2   | Reached XP level 12. HP: 53/96 MP: 22/22
 11529 | Lair:3   | Reached *** piety under Ashenzari
 12077 | Lair:3   | Noticed a six-headed hydra
 12091 | Lair:3   | Killed a two-headed hydra
 12506 | Lair:4   | Noticed a catoblepas
 12530 | Lair:4   | Slain by a catoblepas

Levels and vault maps discovered:
D:1:      evilmike_arrival_hilbert_curve, layout_rooms
D:2:      layout_loops_corners, ashenzari_altar_1, serial_undead,
          serial_undead_f, serial_undead_d, serial_undead_a, serial_undead_a,
          serial_undead_e, serial_undead_c, serial_undead_b, serial_undead_f
D:3:      layout_loops_ring, nicolae_qazlal_general_emergency,
          nemelex_xobeh_ov_fountains_minmay
D:4:      corexii_shack_village, layout_basic, cheibriados_altar_1,
          vehumet_statue, first_ration, uniq_duvessa
D:5:      layout_loops_ring, nicolae_ru_the_path_less_chosen, serial_rivers,
          chequers_serial_rivers_room_b, chequers_serial_rivers_marsh,
          chequers_serial_rivers_large_b, chequers_serial_rivers_room_b,
          chequers_serial_rivers_small_a, nrook_campfire, minmay_checkerbox
D:6:      layout_basic, serial_curves, eino_curves_02, eino_curves_01,
          tso_metal_star
D:7:      layout_basic, minmay_temple_entry_overgrown, serial_shops, shop,
          st_stairs_1
D:8:      layout_basic, dpeg_oklobed_lair, basic_altar,
          gammafunk_ghost_wrathful_warriors, serial_shops,
          nicolae_shop_waterfront, blue_anna_alchemist [blue_anna_fruit_fields,
          blue_anna_fruit_fields], kennysheep_generic_room_15, uniq_erica
Lair:1:   layout_regular_city, lemuel_fruit_tree, lemuel_fruit_fields
Lair:2:   cheibrodos_lair_overgrown_chateau, layout_big_grid, swamp_mist,
          chequers_serial_rivers_micro_d, columned_hall_lemuel,
          small_statue_intersection
Lair:3:   layout_cave_pods, nicolae_quartered_pool_little
Lair:4:   layout_gridlike, nicolae_spider_entry_tight_spaces, grunt_megastairs_5

Skill      XL: |  1  2  3  4  5  6  7  8  9 10 11 12 |
---------------+-------------------------------------+-----
Invocations    | 1 2 3 4 5 6 7 |  7.7
Short Blades   | 1 2 3 4 5 6 7 |  7.0
Axes           | 1 2 3 4 5 6 7 |  7.0
Maces & Flails | 1 2 3 4 5 6 7 |  7.0
Polearms       | 1 2 3 4 5 6 7 |  7.0
Staves         | 1 2 3 4 5 6 7 |  7.0
Slings         | 1 2 3 4 5 6 7 |  7.0
Bows           | 1 2 3 4 5 6 7 |  7.0
Crossbows      | 1 2 3 4 5 6 7 |  7.0
Throwing       | 1 2 3 4 5 6 7 |  7.0
Dodging        | 1 2 3 4 5 6 7 |  7.0
Stealth        | 1 2 3 4 5 6 7 |  7.0
Unarmed Combat | 1 2 3 4 5 6 7 |  7.0
Spellcasting   | 1 2 3 4 5 6 7 |  7.0
Evocations     | 1 2 3 4 5 6 7 |  7.0
Conjurations   | 1 2 3 4 5 |  5.8
Hexes          | 1 2 3 4 5 |  5.8
Charms         | 1 2 3 4 5 |  5.8
Summonings     | 1 2 3 4 5 |  5.8
Necromancy     | 1 2 3 4 5 |  5.8
Translocations | 1 2 3 4 5 |  5.8
Transmutations | 1 2 3 4 5 |  5.8
Fire Magic     | 1 2 3 4 5 |  5.8
Ice Magic      | 1 2 3 4 5 |  5.8
Air Magic      | 1 2 3 4 5 |  5.8
Earth Magic    | 1 2 3 4 5 |  5.8
Poison Magic   | 1 2 3 4 5 |  5.8
Long Blades    | 5 6 7 8 |  8.5
Fighting       | 7 8 9 |  9.7
Armour         | 7 8 9 |  9.7
Shields        | 7 8 9 |  9.7

Action                   |  1- 3 |  4- 6 |  7- 9 | 10-12 || total
-------------------------+-------+-------+-------+-------++-------
Melee: Long sword        |   102 |    86 |   322 |   248 ||   758
       Bite              |    12 |    47 |    40 |    70 ||   169
       Dagger            |       |   272 |       |       ||   272
       Scimitar          |       |       |       |    87 ||    87
Throw: Boomerang         |       |     4 |     5 |    11 ||    20
  Use: Scroll            |       |     3 |       |    11 ||    14
       Potion            |       |       |     1 |     6 ||     7
  Eat: Chunk             |       |     7 |    12 |    16 ||    35
       Ration            |       |       |       |     1 ||     1
Armor: Scale mail        |    19 |       |       |       ||    19
       Chain mail        |    26 |   132 |    92 |    97 ||   347
Dodge: Dodged            |    27 |    85 |   108 |   210 ||   430
Block: Shield            |    69 |   181 |   174 |   208 ||   632
       Rpst.: Long sword |     5 |     3 |    35 |    42 ||    85
       Scimitar          |       |       |       |    10 ||    10
